 Dungeon Crawl Stone Soup version 0.29.1-12-g30fa7ad0bf (webtiles) character file.

Game seed: 15170129300620901747

5389 Descartes the Blocker (level 10, -15/83 HPs)
             Began as a Formicid Fighter on Jan 13, 2023.
             Was an Initiate of Gozag.
             Killed by vampiric draining
             ... invoked by a vampire
              (19 damage)
             ... on level 10 of the Dungeon.
             The game lasted 00:14:23 (8752 turns).

Descartes the Blocker (Formicid Fighter)            Turns: 8752, Time: 00:14:23

Health: -15/83     AC: 12    Str: 21    XL:     10   Next: 98%
Magic:  19/19      EV:  8    Int: 12    God:    Gozag
Gold:   568        SH:  7    Dex: 17    Spells: 9/9 levels left

rFire   + . .      SeeInvis +   p - +9 mace "Spiderslayer" {vamp, rPois MP+9 Str-5 Int+5 Dex+4}
rCold   + . .      Faith    .   c - +0 buckler
rNeg    . . .      Spirit   .   v - +0 chain mail
rPois   +          Reflect  .   (helmet unavailable)
rElec   +          Harm     .   y - scarf {repulsion}
rCorr   +          Rampage  .   C - +0 pair of gloves
Will    +....                   (no boots)
Stlth   ..........              G - amulet of regeneration
HPRegen 1.03/turn               (no ring)
MPRegen 0.16/turn               (no ring)

@: mighty, brilliant, resistant, invisible, repel missiles
A: permanent stasis, dig shafts and tunnels, antennae 3, four strong arms
a: Dig, Shaft Self, Renounce Religion, Potion Petition, Call Merchant, Bribe
Branch


You were on level 10 of the Dungeon.
You worshipped Gozag.
Gozag was pleased with you.
You visited 2 branches of the dungeon, and saw 11 of its levels.

You collected 1493 gold pieces.
You spent 299 gold pieces at shops.
You paid 626 gold pieces to Gozag.

Inventory:

Hand Weapons
 b - a +0 shortbow of flaming
 p - the +9 mace "Spiderslayer" (weapon) {vamp, rPois MP+9 Str-5 Int+5 Dex+4}
   (You found it on level 3 of the Dungeon)

   It occasionally heals its wielder for a portion of the damage dealt when it
   wounds a living foe.
   Str:       It affects your strength (-5).
   Int:       It affects your intelligence (+5).
   Dex:       It affects your dexterity (+4).
   rPois:     It protects you from poison.
   MP:        It affects your magic capacity (+9).
 I - the +8 battleaxe of Destruction {speed, +Blink Dex-2 SInv}
   (You bought it in a shop on level 8 of the Dungeon)

   Attacks with this weapon are significantly faster.
   Dex:       It affects your dexterity (-2).
   SInv:      It lets you see invisible.
   +Blink:    It lets you blink.
Missiles
 q - 15 poisoned darts
 s - a throwing net
 u - 3 boomerangs
 w - 3 curare-tipped darts
 z - 2 javelins
Armour
 c - a +0 buckler (worn)
 v - a +0 chain mail (worn)
 y - a scarf of repulsion (worn)
 C - a +0 pair of gloves (worn)
 F - a scarf of invisibility
Jewellery
 G - an amulet of regeneration (around neck)
 H - a ring of poison resistance
 K - a ring of flight
Wands
 r - a wand of flame (55)
Scrolls
 a - 2 scrolls of enchant weapon {unknown}
 e - 2 scrolls of poison {unknown}
 f - 2 scrolls of blinking {unknown}
 g - 13 scrolls of identify {unknown}
 h - 2 scrolls of fog {unknown}
 n - 6 scrolls of amnesia {unknown}
 t - 3 scrolls of brand weapon {unknown}
 A - 3 scrolls of teleportation {unknown}
 D - a scroll of silence {unknown}
 E - a scroll of noise {unknown}
 J - a scroll of enchant armour {unknown}
 M - a scroll of fear {unknown}
Potions
 d - a potion of might
 i - 4 potions of cancellation {unknown}
 j - 2 potions of heal wounds {unknown}
 k - 11 potions of curing
 l - 3 potions of attraction {unknown}
 m - a potion of flight {unknown}
 o - 4 potions of ambrosia {unknown}
 x - a potion of brilliance {unknown}
 B - 2 potions of haste
 L - 2 potions of lignification {unknown}


   Skills:
 + Level 9.2 Fighting
 - Level 3.2(5.6) Axes
 + Level 7.1(7.5) Maces & Flails
 + Level 9.2 Armour
 + Level 11.0 Shields


You had 9 spell levels left.
You didn't know any spells.
Your spell library contained the following spells:

 Spells                   Type           Power      Damage    Failure   Level
 Foxfire                  Conj/Fire      0%         2x1d4     95%         1
 Conjure Flame            Conj/Fire      0%         6-21      100%        3
 Inner Flame              Hex/Fire       0%         N/A       100%        3
 Summon Guardian Golem    Hex/Summ       0%         N/A       100%        3
 Flame Wave               Conj/Fire      0%         2d4       100%        4
 Orb of Destruction       Conj           0%         9d5       100%        7
 Spellforged Servitor     Conj/Summ      0%         N/A       100%        7


Dungeon Overview and Level Annotations

Branches:
Dungeon (10/15)            Temple (1/1) D:4            Lair (0/5) D:10
    Orc: D:9-12

Altars:
Ashenzari
Cheibriados
Dithmenos
Elyvilon
Fedhas
Gozag
Hepliaklqana
Kikubaaqudgha
Makhleb
Nemelex Xobeh
Okawaru
Qazlal
Ru
Sif Muna
Trog
Uskayaw
Vehumet
Wu Jian
Xom
Yredelemnul
Zin
The Shining One

Shops:
D:8 (


Innate Abilities, Weirdness & Mutations

You cannot be hasted, slowed, berserked, paralysed or teleported.
You can dig through walls and to a lower floor.
You have a pair of large antennae on your head. (SInv)
Your four strong arms can wield two-handed weapons with a shield.


Message History

You feel protected.
You fade into invisibility!
You feel very mighty all of a sudden.
You feel clever all of a sudden. You block the vampire's attack.
The vampire bites you!
* * * LOW HITPOINT WARNING * * *
The vampire draws strength from your injuries!
Unknown command.
Things that are here:
a +0 dagger; a +0 robe The vampire attacks as you move away!
You block the vampire's attack.
The vampire bites you but does no damage.
Things that are here:
a +0 dagger; a +0 robe The vampire attacks as you move away!
The vampire hits you but does no damage.
The vampire barely misses you. The vampire barely misses you.
The vampire bites you but does no damage.
The vampire attacks as you move away!
The vampire hits you but does no damage.
The vampire bites you but does no damage.
There is a stone staircase leading down here.
You hit the vampire.
The vampire is moderately damaged.
The vampire barely misses you. The vampire bites you.
* * * LOW HITPOINT WARNING * * *
The vampire draws strength from your injuries!
You sock the vampire!
The vampire is heavily damaged.
The vampire hits you but does no damage.
The vampire bites you but does no damage.
You sock the vampire!
The vampire is almost destroyed.
The vampire draws life force from you!!
* * * LOW HITPOINT WARNING * * *
The vampire is healed by the life force!
You sock the vampire!
The vampire is almost destroyed.
The vampire draws life force from you!!
You die...
Your body crumbles into a pile of gold.

≈≈≈≈§§≈≈≈≈≈##.##########
≈§..§..§≈≈§##..........#
≈...§...≈§≈##..........#
....#....≈≈##..........#
..........≈##..........##
..........≈#......>.....#
.#..#..#..§#............#
..........≈#.)).........#
..........≈#.#.)@V.##.###
§...#...§§≈#.#)###.##.#
§.....§§§≈≈###...#....#
≈≈.....§≈≈§#.....######
≈≈§≈≈≈§≈≈§≈####..#
#############....#
#...........##
#.........### #.........#


You could see a vampire (invisible).

Vanquished Creatures
  Joseph (D:9)
  An unseen horror (D:10)
  Psyche (D:8)
  A troll (D:10)
  2 hornets
  4 yaks (D:10)
  2 wraiths
  2 water moccasins
  2 black bears
  An ice beast (D:7)
  3 sky beasts
  3 ogres
  5 centaurs
  2 kobold brigands
  2 bullfrogs (D:8)
  4 necrophages
  A gnoll sergeant (D:5)
  2 scorpions (D:6)
  4 killer bees (D:8)
  3 howler monkeys
  A lava snake (D:10)
  2 orc priests (D:6)
  2 hounds
  A jelly (D:6)
  Jessica (D:2)
  5 iguanas
  8 orc wizards
  11 gnolls
  6 adders
  A shadow imp (D:6)
  A white imp (D:6)
  2 ufetubi
  3 worms
  2 dart slugs
  13 orcs
  8 endoplasms
  6 giant cockroaches
  4 goblins
  5 hobgoblins
  5 jackals
  10 kobolds
  4 quokkas
  5 ball pythons
  6 bats
  A frilled lizard (D:2)
  20 rats
179 creatures vanquished.

Notes
Turn   | Place    | Note
-------+----------+-------------------------------------------
     0 | D:1      | Descartes the Formicid Fighter began the quest for the Orb.
     0 | D:1      | Reached XP level 1. HP: 18/18 MP: 1/1
   232 | D:1      | Reached XP level 2. HP: 24/24 MP: 2/2
   626 | D:1      | Reached XP level 3. HP: 28/29 MP: 3/3
  1331 | D:2      | Found a faded altar of an unknown god.
  1447 | D:2      | Reached XP level 4. HP: 37/37 MP: 4/4
  1752 | D:2      | Noticed Jessica
  1766 | D:2      | HP: 1/37 [Jessica/+0 club (4)]
  1767 | D:2      | Killed Jessica
  2167 | D:2      | Reached XP level 5. HP: 37/42 MP: 5/5
  2488 | D:3      | Noticed a sky beast
  2489 | D:3      | Identified the +9 mace "Spiderslayer" {vamp, rPois MP+9
                  | Str-5 Int+5 Dex+4}
  2505 | D:3      | Killed a sky beast
  2506 | D:3      | Reached skill level 5 in Shields
  2506 | D:3      | Reached XP level 6. HP: 34/49 MP: 6/6
  2962 | D:3      | Found a basalt altar of Yredelemnul.
  3102 | D:4      | Noticed an ogre
  3112 | D:3      | Killed an ogre
  3113 | D:3      | Reached skill level 1 in Maces & Flails
  3173 | D:4      | Found a staircase to the Ecumenical Temple.
  3183 | Temple   | Entered the Ecumenical Temple
  3224 | Temple   | Became a worshipper of Gozag Ym Sagoz the Greedy
  3499 | D:4      | Reached XP level 7. HP: 47/55 MP: 7/7
  3506 | D:4      | Reached skill level 6 in Shields
  3687 | D:4      | Reached skill level 5 in Fighting
  3705 | D:4      | Found a sacrificial altar of Ru.
  3896 | D:4      | Reached skill level 5 in Armour
  3922 | D:4      | Found a burning altar of Makhleb.
  4013 | D:5      | Entered Level 5 of the Dungeon
  4448 | D:5      | Reached XP level 8. HP: 9/63 MP: 8/8
  4487 | D:5      | HP: 3/63 [centaur/arrow (2)]
  5008 | D:5      | Reached skill level 7 in Shields
  5390 | D:6      | Reached XP level 9. HP: 71/71 MP: 9/9
  5408 | D:6      | Reached skill level 8 in Shields
  6119 | D:7      | Reached skill level 5 in Maces & Flails
  6273 | D:7      | Reached skill level 9 in Shields
  6600 | D:7      | Noticed a hornet
  6609 | D:7      | Killed a hornet
  6904 | D:8      | Reached XP level 10. HP: 59/80 MP: 10/10
  7152 | D:8      | Found Giucups's Antique Weapon Shop.
  7176 | D:8      | Bought a bloodstained battleaxe for 299 gold pieces
  7176 | D:8      | Identified the +8 battleaxe of Destruction {speed, +Blink
                  | Dex-2 SInv} (You bought it in a shop on level 8 of the
                  | Dungeon)
  7512 | D:9      | Found a shimmering blue altar of Sif Muna.
  7515 | D:9      | Found a hide-covered altar of Uskayaw.
  7517 | D:9      | Found a radiant altar of Vehumet.
  7517 | D:9      | Found a snail-covered altar of Cheibriados.
  7517 | D:9      | Found a glowing golden altar of the Shining One.
  7519 | D:9      | Found a blossoming altar of Fedhas.
  7519 | D:9      | Noticed Joseph
  7519 | D:9      | Noticed Psyche
  7541 | D:8      | Killed Psyche
  7551 | D:8      | Reached skill level 10 in Shields
  7595 | D:9      | Killed Joseph
  8233 | D:10     | Entered Level 10 of the Dungeon
  8411 | D:10     | Found a staircase to the Lair.
  8529 | D:10     | Noticed an unseen horror
  8555 | D:10     | Killed an unseen horror
  8570 | D:10     | Reached skill level 11 in Shields
  8729 | D:10     | HP: 1/83 [vampire (7)]
  8751 | D:10     | HP: 3/83 [vampire/vampiric draining (19)]
  8752 | D:10     | Killed from afar by a vampire

Illustrated notes

Levels and vault maps discovered:
D:1:      nicolae_arrival_memento_mori, layout_basic, minmay_crystal_water
D:2:      layout_basic, hellmonk_ecumenical_altar_arch_garden, minmay_rat_hole,
          uniq_jessica
D:3:      layout_loops_cross, mainiacjoe_overflow_catwalk, feat_on_display
D:4:      layout_basic, bloody_makhleb, mainiacjoe_overflow_tiny_flanked,
          minmay_temple_entry_junction_2
D:5:      layout_rooms
D:6:      layout_rooms, grunt_ministairs_15
D:7:      layout_loops_cross
D:8:      layout_gridville, serial_shops, shop
D:9:      layout_long_grid, grunt_temple_overflow_open, uniq_joseph, uniq_psyche
D:10:     layout_basic, lair_entry_dummy, kennysheep_generic_room_2
Temple:   compressed_dpeg_triangle_lava_temple

Skill      XL: |  1  2  3  4  5  6  7  8  9 10 |
---------------+-------------------------------+-----
Fighting       | 4 5 6 7 9 |  9.2
Armour         | 4 5 6 7 9 |  9.2
Axes           | 3 |  3.2
Shields        | 5 6 7 9 11 | 11.0
Maces & Flails | 1 2 4 5 7 |  7.1

Action                   |  1- 3 |  4- 6 |  7- 9 | 10-12 || total
-------------------------+-------+-------+-------+-------++-------
Melee: War axe           |   108 |    64 |       |       ||   172
       Mace              |       |    53 |   218 |   177 ||   448
Invok: Potion Petition   |       |       |       |     1 ||     1
  Use: Potion            |       |       |     1 |     2 ||     3
 Stab: Distracted        |       |       |     2 |     2 ||     4
Armor: Scale mail        |    47 |    64 |    22 |       ||   133
       Chain mail        |       |       |   111 |   109 ||   220
Dodge: Dodged            |    51 |    63 |    78 |    70 ||   262
       Repelled          |       |       |     1 |     2 ||     3
Block: Buckler           |    20 |    39 |    80 |    70 ||   209
